 Dungeon Crawl Stone Soup version 0.31-a0-437-g7cee417757 (webtiles) character file.

Game seed: 957910429673665795

118711 Locuples the Executioner (level 16, -7/143 HPs)
             Began as a Minotaur Berserker on Aug 2, 2023.
             Was a High Priest of Trog.
             Killed from afar by a naga mage (14 damage)
             ... with a bolt of poison
             ... on level 3 of the Snake Pit.
             The game lasted 00:56:26 (26286 turns).

Locuples the Executioner (Minotaur Berserker)      Turns: 26286, Time: 00:56:26

Health: -7/143     AC: 23    Str: 30    XL:     16   Next: 26%
Magic:  0/13       EV: 20    Int:  4    God:    Trog [*****.]
Gold:   940        SH:  0    Dex: 10    Spells: 15/15 levels left

rFire   . . .        b - +4 battleaxe (heavy)
rCold   + . .        (shield currently unavailable)
rNeg    . . .        L - +2 plate armour {rC+}
rPois   .            (helmet unavailable)
rElec   .            D - scarf {repulsion}
rCorr   .            E - +0 pair of gloves {hurl}
SInv    .            g - +0 pair of boots
Will    +++..        p - amulet of guardian spirit Stlth
                     m - +5 ring of evasion
HPRegen 1.43/turn    H - +5 ring of evasion
MPRegen 0.13/turn

%: repel missiles, guardian spirit
@: confused, lethally poisoned (-7 -> -26), ambrosia-drunk, strong-willed
(expiring), on berserk cooldown, regenerating (expiring), slowed, invisible,
very slow
A: horns 3, retaliatory headbutt, talons 1, frail 1, low MP 1, evolution 1
a: Renounce Religion, Berserk, Trog's Hand, Brothers in Arms


You were on level 3 of the Snake Pit.
You worshipped Trog.
Trog was extremely pleased with you.
You visited 3 branches of the dungeon, and saw 23 of its levels.
You also visited: Ossuary.

You collected 1870 gold pieces.
You spent 930 gold pieces at shops.

Inventory:

Hand Weapons
 b - a +4 heavy battleaxe (weapon)
 B - a +4 executioner's axe
Missiles
 K - 3 throwing nets
Armour
 g - a +0 pair of boots (worn)
 D - a scarf of repulsion (worn)
 E - a +0 pair of gloves of hurling (worn)
 L - a +2 plate armour of cold resistance (worn)
Jewellery
 m - a +5 ring of evasion (left hand)
 p - an amulet of guardian spirit (around neck)
 G - a ring of protection from fire
 H - a +5 ring of evasion (right hand)
 R - a ring of ice
Wands
 j - a wand of acid (3)
 z - a wand of roots (4)
 U - a wand of mindburst (16)
Scrolls
 a - 16 scrolls of teleportation
 d - a scroll of acquirement {unknown}
 e - 5 scrolls of poison
 h - 8 scrolls of revelation
 i - 2 scrolls of blinking {unknown}
 l - 2 scrolls of noise {unknown}
 n - a scroll of butterflies {unknown}
 o - 2 scrolls of silence {unknown}
 q - 2 scrolls of brand weapon
 s - 8 scrolls of fear
 u - 8 scrolls of fog
 v - 3 scrolls of identify
 x - a scroll of vulnerability {unknown}
 y - 2 scrolls of enchant armour
 A - 2 scrolls of enchant weapon {unknown}
 C - 2 scrolls of torment
 F - 3 scrolls of immolation
Potions
 c - 2 potions of heal wounds
 f - 2 potions of enlightenment
 k - 4 potions of invisibility
 r - 6 potions of might
 t - 6 potions of curing
 w - 2 potions of magic
 Q - 2 potions of resistance
 S - 6 potions of ambrosia
 T - 3 potions of brilliance


   Skills:
 + Level 18.8 Fighting
 * Level 23.7 Axes
 + Level 16.7 Armour
 + Level 6.4 Dodging


You had 15 spell levels left.
You didn't know any spells.
Your spell library was empty.

Dungeon Overview and Level Annotations

Branches:
Dungeon (15/15)            Temple (0/1) D:4            Lair (5/5) D:8
  Swamp (0/4) Lair:2        Snake (3/4) Lair:2        Slime (0/5) Lair:4
    Orc (0/2) D:11         Vaults (0/5) D:13         Depths (0/4) D:15
Ossuary (visited)

Altars:
Ashenzari
Cheibriados
Elyvilon
Gozag
Hepliaklqana
Makhleb
Nemelex Xobeh
Okawaru
Qazlal
Trog
Uskayaw
Vehumet
Wu Jian
Xom
Yredelemnul
Zin
The Shining One

Shops:
D:4 [   D:5 ?   D:7 :   D:8 (   D:9 [   D:13 [   Snake:1 =:=

Annotations:
Snake:3 Vashnia


Innate Abilities, Weirdness & Mutations

You have a pair of large horns on your head.
You reflexively headbutt those who attack you in melee.
You have sharp toenails.
You are frail. (-10% HP)
Your magical capacity is low. (-10% MP)
You have hidden genetic potential.


Message History

You feel less confused.
You feel extremely sick.
* * * LOW HITPOINT WARNING * * *
You are more poisoned.
The naga ritualist's toxic aura wanes.
The naga ritualist no longer looks unusually toxic.
The naga mage hits you but does no damage.
The naga mage misses you. The naga mage constricts you.
The naga sharpshooter shoots an arrow.
The arrow hits you!!
* * * LOW HITPOINT WARNING * * *
The naga mage spits poison at you.
The splash of poison is repelled.
The splash of poison hits the naga mage.
The naga mage hits you but does no damage.
The naga mage constricts you.
The naga sharpshooter gestures wildly while chanting.
The naga sharpshooter magically shoots an arrow.
The arrow hits you.
* * * LOW HITPOINT WARNING * * *
Vashnia casts a spell.
Vashnia magically shoots an arrow.
The arrow closely misses you.
The naga mage hits you but does no damage.
You are confused.
You feel invigorated.
You feel the effects of Trog's Hand fading.
You feel extremely sick.
The naga mage casts a spell at the naga ritualist.
The naga ritualist seems to grow toxic.
The naga mage constricts you.
The naga mage hits you but does no damage.
The naga sharpshooter spits poison at you.
The splash of poison is repelled.
The naga mage hits you with a +0 spear!
* * * LOW HITPOINT WARNING * * *
The naga mage constricts you. Vashnia casts a spell at you.
The naga mage blinks!
The naga ritualist blinks!
The naga mage blinks!
The naga mage loses its grip on you.
The naga blinks!
The naga mage points at you and mumbles some strange words.
The bolt of poison hits you!!
You are lethally poisoned!
You die...

####........###
####.....|.###
####.....N# #
###....## #####
##....N# ....##
##......##
......
##..§)....###
......
#..N)§......#
.....#
#.N§.@§......
.....#
................
.....#
.............##N
....##
...........N.#
....#
#...........##
....#
####......###
.....# ###....#
[..... ##....
.#....


You could see Vashnia, a naga sharpshooter, a naga ritualist (curare), 2 naga
magi and a naga.

Vanquished Creatures
  Jorgrun (D:12)
  Rupert (D:15)
  Louise (Snake:2)
  Nessos (Lair:3)
  Azrael (Snake:3)
  Harold (D:9)
  6 hydras
  2 boulder beetles
  A catoblepas (Lair:3)
  6 centaur warriors
  6 anacondas
  3 death knights
  A two-headed ogre (shapeshifter) (D:13)
  Erica (D:10)
  A two-headed ogre (D:12)
  6 death yaks (Lair:5)
  9 naga warriors
  A deep troll earth mage (D:15)
  4 shock serpents
  Urug (D:12)
  Nergalle (D:11)
  7 naga sharpshooters
  4 skeletal warriors
  3 naga ritualists
  2 deep elf pyromancers
  A phantasmal warrior (D:13)
  A necromancer (Lair:2)
  17 ugly things
  Pikel (D:9)
  An oklob plant (Lair:2)
  11 mana vipers
  A wolf spider (Lair:5)
  5 cyclopes
  7 manticores
  5 salamanders
  6 elephants (Lair:2)
  3 guardian serpents
  Joseph (D:7)
  8 naga magi
  A moth of wrath (shapeshifter) (D:15)
  A gargoyle (D:12)
  27 black mambas
  15 cane toads
  A yaktaur (shapeshifter) (D:13)
  2 rime drakes
  5 komodo dragons
  6 freezing wraiths
  A queen bee (Lair:5)
  A tengu conjurer (D:15)
  A meliai (shapeshifter) (D:13)
  2 trolls
  A wolf spider simulacrum (D:15)
  3 meliai (Lair:5)
  A tarantella (shapeshifter) (D:13)
  3 hornets
  3 blink frogs (Lair:1)
  7 dream sheep (Lair:5)
  7 slime creatures
  A jumping spider (shapeshifter) (D:13)
  A centaur simulacrum (D:15)
  4 wraiths
  2 vampires
  A shadow (D:9)
  50 yaks
  17 wyverns
  A spriggan (shapeshifter) (D:14)
  12 basilisks
  2 steam dragons
  2 fire elementals (Snake:3)
  2 redbacks (Lair:5)
  24 nagas
  9 vampire mosquitoes
  4 wargs (D:11)
  An acid dragon (D:11)
  A swamp worm (Lair:2)
  A water moccasin (shapeshifter) (D:13)
  20 water moccasins
  The ghost of andwaal the Conjurer, an amateur TeCj of Gozag (D:6)
  3 hell hounds (Snake:3)
  A black bear (shapeshifter) (D:14)
  A swamp drake (D:8)
  5 orc warriors
  2 sky beasts (D:7)
  A hornet zombie (Ossuary)
  2 black bears (Lair:1)
  2 ogres
  10 centaurs
  7 wolves (Lair:1)
  A phantom (D:7)
  2 lemures (D:9)
  A kobold brigand (D:8)
  15 bullfrogs
  A gnoll sergeant (D:10)
  2 wyvern zombies (Ossuary)
  3 water moccasin zombies (Ossuary)
  5 wights (D:8)
  28 killer bees
  6 howler monkeys
  An electric eel (Lair:1)
  3 lava snakes (Lair:2)
  3 centaur zombies (Ossuary)
  2 hounds
  3 jellies (Lair:4)
  7 orc priests
  2 bullfrog zombies (Ossuary)
  A gnoll bouda (D:10)
  3 sleepcaps
  A hell rat (Lair:1)
  Natasha (thrice) (D:2)
  9 orc wizards
  4 polar bear simulacra (Lair:2)
  4 yak simulacra (Lair:2)
  3 killer bee zombies (Ossuary)
  13 mummies (Ossuary)
  4 howler monkey zombies (Ossuary)
  9 gnolls (D:10)
  5 adders
  3 worms
  4 dart slugs
  41 orcs
  6 endoplasms
  4 giant cockroaches (D:1)
  7 goblins
  7 hobgoblins
  6 jackals (D:1)
  3 quokkas
  3 ball pythons
  4 bats
  3 frilled lizards
  9 kobolds
  A quokka zombie (D:5)
  2 rats (D:1)
  A rat zombie (D:5)
  3 river rat simulacra (Lair:2)
668 creatures vanquished.

Vanquished Creatures (others)
  An orc (D:4)
1 creature vanquished.

Grand Total: 669 creatures vanquished

Notes
Turn   | Place    | Note
-------+----------+-------------------------------------------
     0 | D:1      | Locuples the Minotaur Berserker began the quest for the
                  | Orb.
     0 | D:1      | Reached XP level 1. HP: 19/19 MP: 0/0
    43 | D:1      | Reached XP level 2. HP: 9/27 MP: 1/1
   148 | D:1      | Reached skill level 4 in Axes
   398 | D:1      | Found a faded altar of an unknown god.
   475 | D:1      | Reached XP level 3. HP: 33/34 MP: 2/2
   610 | D:1      | Reached ** piety under Trog
  1341 | D:2      | Noticed Natasha
  1358 | D:2      | Killed Natasha
  1359 | D:2      | Reached XP level 4. HP: 6/41 MP: 3/3
  1516 | D:2      | Noticed Natasha
  1524 | D:2      | Killed Natasha
  1525 | D:2      | Reached skill level 5 in Axes
  1582 | D:2      | Noticed Natasha
  1588 | D:2      | Killed Natasha
  1589 | D:2      | Reached XP level 5. HP: 45/47 MP: 4/4
  2034 | D:3      | Found a hazy altar of Hepliaklqana.
  2211 | D:3      | Reached skill level 5 in Fighting
  2409 | D:3      | Reached skill level 6 in Axes
  2630 | D:4      | Found a radiant altar of Vehumet.
  2647 | D:4      | Reached XP level 6. HP: 56/56 MP: 5/5
  2651 | D:4      | Found Laesh's Armour Shoppe.
  2829 | D:4      | Identified the +3 whip of the Sharing Wolf {venom, Fragile
                  | rPois rF+ rCorr Dex+5}
  3116 | D:4      | Found a staircase to the Ecumenical Temple.
  3281 | D:5      | Entered Level 5 of the Dungeon
  3327 | D:5      | Found a broken altar of Ashenzari.
  3373 | D:5      | Reached *** piety under Trog
  3384 | D:5      | Found a sand-covered staircase.
  3399 | Ossuary  | Entered an ossuary
  3416 | Ossuary  | Reached XP level 7. HP: 61/61 MP: 6/6
  3420 | Ossuary  | Reached skill level 7 in Axes
  3499 | Ossuary  | Reached skill level 5 in Armour
  3583 | Ossuary  | Reached skill level 8 in Axes
  3628 | Ossuary  | Reached XP level 8. HP: 62/70 MP: 7/7
  3695 | Ossuary  | Reached skill level 9 in Axes
  3967 | D:4      | Bought a +0 plate armour for 230 gold pieces
  3982 | D:5      | Reached **** piety under Trog
  4028 | D:5      | Found a sparkling altar of Nemelex Xobeh.
  4069 | D:5      | Found a white marble altar of Elyvilon.
  4140 | D:5      | Found Jasaywni's Magic Scroll Boutique.
  4148 | D:5      | Bought a scroll of identify for 24 gold pieces
  4239 | D:5      | Found a hide-covered altar of Uskayaw.
  4528 | D:6      | Found a runed translucent gate.
  4528 | D:6      | Noticed andwaal's ghost (amateur TeCj)
  4529 | D:6      | Found a runed translucent gate.
  4530 | D:6      | Found a runed translucent gate.
  4643 | D:6      | Reached skill level 10 in Axes
  4762 | D:6      | Found a burning altar of Makhleb.
  4854 | D:6      | Reached skill level 5 in Dodging
  5299 | D:6      | Reached XP level 9. HP: 79/79 MP: 8/8
  5300 | D:6      | Reached skill level 11 in Axes
  5311 | D:6      | Killed andwaal's ghost
  5395 | D:7      | Noticed Joseph
  5401 | D:7      | Killed Joseph
  5956 | D:7      | Found Pyschac's Book Shop.
  6006 | D:7      | Reached skill level 12 in Axes
  6151 | D:7      | Found a shimmering altar of Xom.
  6258 | D:8      | Found Lorah's Weapon Boutique.
  6371 | D:8      | Found an opulent altar of Gozag.
  6592 | D:8      | Found an ornate altar of the Wu Jian Council.
  6626 | D:8      | Reached skill level 13 in Axes
  6626 | D:8      | Reached XP level 10. HP: 84/90 MP: 7/9
  6777 | D:8      | Found an iron altar of Okawaru.
  6863 | D:8      | You fall into a shaft and drop 3 floors!
  6870 | D:11     | Identified the +6 flail "Lifebane" {holy, rF++ Dex+7}
  6916 | D:10     | Entered Level 10 of the Dungeon
  6938 | D:9      | Noticed Pikel
  6949 | D:9      | Killed Pikel
  6975 | D:9      | Noticed a centaur warrior
  6982 | D:8      | Reached skill level 14 in Axes
  7666 | D:8      | Found a staircase to the Lair.
  7739 | D:8      | Found a snail-covered altar of Cheibriados.
  7749 | D:8      | Gained mutation: You are weak. (Str -2) [potion of
                  | mutation]
  7749 | D:8      | Gained mutation: You are partially covered in iridescent
                  | scales. (AC +2) [potion of mutation]
  7749 | D:8      | Gained mutation: You are vulnerable to heat. (rF-) [potion
                  | of mutation]
  7749 | D:8      | Gained mutation: Your movements are slightly less
                  | encumbered by armour. (ER -2) [potion of mutation]
  7750 | D:8      | Lost mutation: You are weak. (Str -2) [potion of mutation]
  7750 | D:8      | Lost mutation: Your movements are slightly less encumbered
                  | by armour. (ER -2) [potion of mutation]
  7750 | D:8      | Gained mutation: You are mostly covered in iridescent
                  | scales. (AC +4) [potion of mutation]
  7750 | D:8      | Gained mutation: You are clumsy. (Dex -2) [potion of
                  | mutation]
  7750 | D:8      | Gained mutation: Your spells are a little harder to cast,
                  | but a little more powerful. [potion of mutation]
  7750 | D:8      | Gained mutation: Your system is resistant to poisons.
                  | (rPois) [potion of mutation]
  7759 | D:8      | Found a basalt altar of Yredelemnul.
  8065 | Lair:1   | Entered Level 1 of the Lair of Beasts
  8278 | Lair:1   | Reached skill level 10 in Fighting
  8377 | Lair:1   | Noticed a cane toad
  8384 | Lair:1   | Reached XP level 11. HP: 100/100 MP: 10/10
  8385 | Lair:1   | Reached skill level 15 in Axes
  8452 | Lair:1   | Lost mutation: Your spells are a little harder to cast, but
                  | a little more powerful. [potion of mutation]
  8452 | Lair:1   | Lost mutation: You are vulnerable to heat. (rF-) [potion of
                  | mutation]
  8452 | Lair:1   | Lost mutation: Your system is resistant to poisons. (rPois)
                  | [potion of mutation]
  8452 | Lair:1   | Gained mutation: You are completely covered in iridescent
                  | scales. (AC +6) [potion of mutation]
  9453 | Lair:2   | Reached skill level 16 in Axes
  9453 | Lair:2   | Reached skill level 10 in Armour
  9544 | Lair:2   | Reached ***** piety under Trog
  9976 | Lair:2   | Noticed a five-headed hydra
  9978 | Lair:2   | Noticed a seven-headed hydra
  9979 | Lair:2   | Reached XP level 12. HP: 80/112 MP: 7/11
 10188 | D:9      | Killed a centaur warrior
 10254 | D:9      | Found Cintyrph's Armour Shop.
 10254 | D:9      | Noticed Harold
 10269 | D:9      | Killed Harold
 10308 | D:9      | Reached skill level 17 in Axes
 10805 | D:10     | Found a bloodstained altar of Trog.
 10841 | D:10     | Noticed Erica
 10855 | D:10     | Killed Erica
 10946 | D:10     | Found a glowing golden altar of the Shining One.
 10970 | D:10     | Found a stormy altar of Qazlal.
 10988 | D:10     | Lost mutation: You are clumsy. (Dex -2) [potion of
                  | mutation]
 10988 | D:10     | Lost mutation: You are completely covered in iridescent
                  | scales. (AC +6) [potion of mutation]
 10988 | D:10     | Gained mutation: You are somewhat resistant to further
                  | mutation. [potion of mutation]
 10988 | D:10     | Gained mutation: You are resistant to electric shocks.
                  | (rElec) [potion of mutation]
 11297 | D:11     | Found a staircase to the Orcish Mines.
 11507 | D:11     | Noticed Nergalle
 11518 | D:11     | Killed Nergalle
 12883 | D:12     | Noticed Urug
 12888 | D:12     | Noticed a two-headed ogre
 12895 | D:12     | Killed Urug
 12900 | D:12     | Killed a two-headed ogre
 13145 | D:12     | Reached XP level 13. HP: 124/124 MP: 12/12
 13194 | D:12     | Noticed Jorgrun
 13209 | D:12     | Killed Jorgrun
 13210 | D:12     | Reached skill level 18 in Axes
 13791 | D:13     | Found Vyaxidd's Antique Armour Shop.
 13807 | D:13     | Received a gift from Trog
 14039 | D:13     | Bought a glowing plate armour for 676 gold pieces
 14295 | D:13     | Found a gate to the Vaults.
 14873 | D:14     | Found an ornate altar of the Wu Jian Council.
 14934 | D:14     | Reached skill level 15 in Fighting
 15051 | D:14     | Reached skill level 19 in Axes
 15822 | D:15     | Entered Level 15 of the Dungeon
 15924 | D:15     | Noticed Rupert
 15938 | D:15     | Killed Rupert
 16058 | D:15     | Lost mutation: You are resistant to electric shocks.
                  | (rElec) [potion of mutation]
 16058 | D:15     | Lost mutation: You are somewhat resistant to further
                  | mutation. [potion of mutation]
 16058 | D:15     | Lost mutation: You are mostly covered in iridescent scales.
                  | (AC +4) [potion of mutation]
 16058 | D:15     | Gained mutation: You are weak. (Str -2) [potion of
                  | mutation]
 16058 | D:15     | Gained mutation: You occasionally lose the ability to read
                  | scrolls when taking damage. [potion of mutation]
 16111 | D:15     | Reached XP level 14. HP: 135/135 MP: 4/13
 16651 | D:15     | Found the +10 zealot's sword {holy, Zealotry, *Rage rN+
                  | EV+3}
 16666 | D:15     | Reached skill level 20 in Axes
 16876 | D:15     | Found a staircase to the Depths.
 17294 | D:15     | Found a glowing silver altar of Zin.
 17338 | D:15     | Lost mutation: You are partially covered in iridescent
                  | scales. (AC +2) [potion of mutation]
 17338 | D:15     | Lost mutation: You are weak. (Str -2) [potion of mutation]
 17338 | D:15     | Lost mutation: You occasionally lose the ability to read
                  | scrolls when taking damage. [potion of mutation]
 17338 | D:15     | Gained mutation: You occasionally lose the ability to read
                  | scrolls when taking damage. [potion of mutation]
 17338 | D:15     | Gained mutation: You are robust. (+10% HP) [potion of
                  | mutation]
 17338 | D:15     | Gained mutation: Your body sometimes deteriorates upon
                  | taking damage. [potion of mutation]
 17708 | Lair:2   | Found a staircase to the Swamp.
 18105 | Lair:2   | Found a staircase to the Snake Pit.
 18115 | Lair:2   | Reached skill level 15 in Armour
 18493 | Lair:3   | Noticed Nessos
 18519 | Lair:3   | Killed Nessos
 18564 | Lair:4   | Found a staircase to the Slime Pits.
 19981 | Lair:5   | Entered Level 5 of the Lair of Beasts
 20141 | Lair:5   | Reached skill level 21 in Axes
 20559 | Lair:5   | Reached XP level 15. HP: 161/161 MP: 4/14
 21306 | Lair:5   | Found the +8 longbow "Zephyr" {speed, Dex+3 SInv}
 23246 | Snake:1  | Entered Level 1 of the Snake Pit
 23724 | Snake:1  | Reached skill level 22 in Axes
 23947 | Snake:1  | Received a gift from Trog
 24615 | Snake:1  | Found Jaacs's Jewellery Boutique.
 24618 | Snake:1  | Found Ketosabe's Book Emporium.
 24619 | Snake:1  | Found Dal Pej's Jewellery Boutique.
 24936 | Snake:2  | Noticed Louise
 24954 | Snake:2  | Killed Louise
 25219 | Snake:2  | Lost mutation: You are robust. (+10% HP) [potion of
                  | mutation]
 25219 | Snake:2  | Lost mutation: Your body sometimes deteriorates upon taking
                  | damage. [potion of mutation]
 25219 | Snake:2  | Gained mutation: You are dopey. (Int -2) [potion of
                  | mutation]
 25219 | Snake:2  | Gained mutation: You are frail. (-10% HP) [potion of
                  | mutation]
 25220 | Snake:2  | Lost mutation: You are dopey. (Int -2) [potion of mutation]
 25220 | Snake:2  | Lost mutation: You occasionally lose the ability to read
                  | scrolls when taking damage. [potion of mutation]
 25220 | Snake:2  | Gained mutation: You have a pair of large horns on your
                  | head. [potion of mutation]
 25220 | Snake:2  | Gained mutation: Your magical capacity is low. (-10% MP)
                  | [potion of mutation]
 25220 | Snake:2  | Gained mutation: You have sharp toenails. [potion of
                  | mutation]
 25220 | Snake:2  | Gained mutation: You have hidden genetic potential. [potion
                  | of mutation]
 25947 | Snake:3  | Noticed Azrael
 25952 | Snake:3  | Reached skill level 23 in Axes
 25956 | Snake:3  | Reached XP level 16. HP: 143/143 MP: 11/13
 25961 | Snake:3  | Killed Azrael
 26003 | Snake:3  | Received a gift from Trog
 26265 | Snake:3  | Noticed Vashnia
 26286 | Snake:3  | HP: 7/143 [naga mage/+0 spear (5)]
 26286 | Snake:3  | Killed from afar by a naga mage

Illustrated notes

Levels and vault maps discovered:
D:1:      lightli_arrival_statue_moat, layout_rooms,
          chequers_ecumenical_altar_grove
D:2:      layout_basic, uniq_natasha
D:3:      layout_basic, mainiacjoe_overflow_paths
D:4:      layout_cave_pools, fiery_altar_vehumet,
          minmay_temple_entry_nine_rooms, serial_shops, nicolae_shop_crystal,
          nicolae_figureground_pulse
D:5:      layout_basic, mainiacjoe_overflow_alcove_2, nemelex_altar_shiori,
          mainiacjoe_overflow_surrounded_room, amcnicky_altar_gilded,
          enter_ossuary_4, serial_shops, shop
D:6:      layout_gridville, old_standard_altar, biasface_ghost_orc_armoury
D:7:      layout_gridville, overflow_temple_1_default, serial_shops,
          nicolae_shop_tiny_real_fake_doors, nrook_uturn, uniq_joseph
D:8:      layout_layer_cave, mainiacjoe_overflow_catwalk, marbit_many_paths,
          nicolae_gozag_seed_capital, nicolae_overflow_hidden_temple,
          erik_lair_dragon, serial_shops, nicolae_shop_crystal
D:9:      layout_cave_pools, serial_shops, shop_fountains,
          kennysheep_opposing_triangles, uniq_harold, uniq_pikel
D:10:     layout_basic, lightli_temple_of_fire, grunt_temple_overflow_open,
          uniq_erica
D:11:     layout_layer_cave, minmay_orc_entry_guard_dogs, uniq_nergalle
D:12:     layout_gridville, uniq_jorgrun, uniq_urug
D:13:     layout_roguey, david_vaults_2, serial_shops, nicolae_lakefront_shop
D:14:     layout_basic, lemuel_doored_altar
D:15:     hellmonk_depths_entry_around_the_bend, layout_loops_ring,
          zin_treasury, uniq_rupert
Lair:1:   layout_long_grid, hangedman_lair_unloving_vines,
          grunt_forest_large_clearings, grunt_megastairs_4,
          serial_bayou_shore_a, lemuel_fruit_tree
Lair:2:   layout_cave_pods, palyth_hydra_swamp_entry,
          nicolae_snake_entry_warm_welcome, eino_house_with_fridge
Lair:3:   layout_chaotic_city, minmay_hedge_maze, minivault_27,
          grunt_megastairs_5, uniq_nessos
Lair:4:   layout_small_grid, minmay_slime_entry_pillars
Lair:5:   hangedman_lair_tendril_chambers, layout_hall_layers, special_room
          [special_room_bee]
Snake:1:  layout_grid_maze, minmay_shop_grove, grunt_megastairs_3
Snake:2:  layout_rooms, uniq_louise
Snake:3:  layout_onion, uniq_azrael, uniq_vashnia

Skill      XL: |  1  2  3  4  5  6  7  8  9 10 11 12 13 14 15 |
---------------+----------------------------------------------+-----
Fighting       | 4 5 6 7 8 10 12 14 15 17 18 | 18.8
Axes           | 4 5 6 8 10 13 14 16 17 19 21 23 | 23.7
Armour         | 3 4 5 6 7 9 10 12 14 15 16 | 16.7
Dodging        | 3 4 5 6 |  6.4

Action                     |  1- 3 |  4- 6 |  7- 9 | 10-12 | 13-15 | 16-18 || total
---------------------------+-------+-------+-------+-------+-------+-------++-------
  Melee: Hand axe          |    88 |    33 |       |       |       |       ||   121
         Headbutt          |    17 |    13 |    44 |   117 |   277 |    10 ||   478
         War axe           |       |    65 |   291 |   363 |       |       ||   719
         Punch             |       |     2 |     2 |     5 |       |       ||     9
         Broad axe         |       |       |       |   120 |    50 |       ||   170
         Battleaxe         |       |       |       |       |   821 |    10 ||   831
         Executioner's axe |       |       |       |       |   111 |    48 ||   159
 Invoke: Berserk           |       |     1 |     3 |     9 |    17 |     2 ||    32
         Trog's Hand       |       |     1 |     1 |     5 |    14 |     2 ||    23
    Use: Scroll            |       |     6 |     3 |     3 |    12 |       ||    24
         Potion            |       |       |       |     4 |    12 |     8 ||    24
   Stab: Invisible         |       |       |       |       |     4 |       ||     4
 Armour: Animal skin       |     9 |       |       |       |       |       ||     9
         Ring mail         |    16 |    31 |    29 |       |       |       ||    76
         Plate armour      |       |       |    65 |   281 |   400 |    45 ||   791
  Dodge: Dodged            |    56 |    75 |   200 |   433 |   934 |   118 ||  1816
         Repelled          |       |       |       |     6 |    28 |    11 ||    45

Table legend: (Time is in decaauts)
 A = Elapsed time spent in this place.
 B = Non-inter-level travel time spent in this place.
 C = Inter-level travel time spent in this place.
 D = Time resting spent in this place.
 E = Time spent auto-exploring this place.
 F = Levels seen in this place.
 G = Mean time per level.
                   A        B        C        D        E       F      G
               +--------+--------+--------+--------+--------+-----+--------+
         Total |  26208 |  25082 |   1126 |   2936 |  17102 |  24 | 1092.0 |
       Dungeon |  15129 |  14455 |    674 |   1535 |  10246 |  15 | 1008.6 |
          Lair |   7528 |   7130 |    398 |    790 |   4792 |   5 | 1505.6 |
     Snake Pit |   3025 |   2971 |     54 |    605 |   1850 |   3 | 1008.3 |
       Ossuary |    525 |    525 |      0 |      5 |    213 |   1 |  525.0 |
               +--------+--------+--------+--------+--------+-----+--------+

Top non-repeatable levels by time:
  Lair:5: 2134 daAuts
     D:8: 1868 daAuts
    D:15: 1651 daAuts
 Snake:1: 1640 daAuts
  Lair:4: 1500 daAuts
  Lair:2: 1403 daAuts
    D:11: 1347 daAuts
  Lair:1: 1320 daAuts
     D:2: 1230 daAuts
    D:12: 1196 daAuts
  Lair:3: 1169 daAuts
    D:14: 1162 daAuts
 Snake:2: 1049 daAuts
     D:6: 937 daAuts
    D:13: 905 daAuts
